 Dungeon Crawl Stone Soup version 0.31-a0-233-g139696dc86 (webtiles) character file.

Game seed: 10651656605914504788

91 qw the Shooter (level 4, -1/36 HPs)
             Began as a Minotaur Hexslinger on July 8, 2023.
             Succumbed to a scorpion's poison
             ... on level 4 of the Dungeon.
             The game lasted 00:00:43 (1889 turns).

qw the Shooter (Minotaur Hexslinger)                Turns: 1889, Time: 00:00:43

Health: -1/36      AC: 11    Str: 12    XL:     4   Next: 33%
Magic:  4/4        EV: 11    Int: 10    God:
Gold:   172        SH:  0    Dex: 15    Spells: 4/5 levels left

rFire   . . .        Y - +2 sling
rCold   . . .        (no shield)
rNeg    . . .        a - +0 ring mail
rPois   .            (helmet restricted)
rElec   .            g - +2 cloak
rCorr   .            i - +2 pair of gloves
SInv    .            (no boots)
Will    .....        (no amulet)
Stlth   +            (no ring)
HPRegen 0.26/turn    (no ring)
MPRegen 0.09/turn

%: no passive effects
@: lethally poisoned (-1 -> -14)
A: horns 2, retaliatory headbutt
a: no special abilities


You were on level 4 of the Dungeon.
You visited 1 branch of the dungeon, and saw 4 of its levels.

You collected 277 gold pieces.
You spent 105 gold pieces at shops.


Innate Abilities, Weirdness & Mutations

You have a pair of horns on your head.
You reflexively headbutt those who attack you in melee.


   Skills:
 - Level 2.0 Fighting
 + Level 4.7 Ranged Weapons
 - Level 1.0 Armour
 - Level 2.1 Dodging
 - Level 1.0 Spellcasting
 - Level 2.0 Hexes


You had 4 spell levels left.
You knew the following spells:

 Your Spells              Type           Power      Damage    Failure   Level
a - Slow                  Hex            16%        N/A       34%         1

Your spell library contained the following spells:

 Spells                   Type           Power      Damage    Failure   Level
 Inner Flame              Hex/Fire       2%         N/A       83%         3
 Portal Projectile        Hex/Tloc       4%         N/A       83%         3
 Cause Fear               Hex            2%         N/A       98%         4

Inventory:

Hand Weapons
 Y - a +2 sling (weapon)
Armour
 a - a +0 ring mail (worn)
 g - a +2 cloak (worn)
 i - a +2 pair of gloves (worn)
Scrolls
 c - a scroll of immolation {unknown}
Potions
 b - a potion of resistance {unknown}
 d - a potion of curing {unknown}

Dungeon Overview and Level Annotations

Branches:
Dungeon (4/15)
 Temple: D:4-7

Altars:
Hepliaklqana

Shops:
D:3 ?


Message History

The sling bullet closely misses the scorpion.
The scorpion stings you.
You are poisoned.
The scorpion poisons you! The scorpion barely misses you.
You shoot a sling bullet.
The sling bullet barely misses the scorpion.
You feel very sick. The scorpion completely misses you.
You shoot a sling bullet. The sling bullet hits the scorpion.
The scorpion is heavily wounded.
You feel sick.
The scorpion stings you but does no damage.
The scorpion stings you.
You shoot a sling bullet. The sling bullet hits the scorpion.
The scorpion is heavily wounded.
You feel sick. The scorpion barely misses you.
You shoot a sling bullet.
The sling bullet completely misses the scorpion.
You feel sick.
The scorpion stings you but does no damage.
The scorpion closely misses you.
You shoot a sling bullet. The sling bullet hits the scorpion.
The scorpion is severely wounded.
You feel sick. The scorpion stings you.
You are more poisoned.
The scorpion poisons you! The scorpion closely misses you.
You shoot a sling bullet.
The sling bullet hits the scorpion but does no damage.
The scorpion is severely wounded.
You feel very sick. The scorpion stings you.
You shoot a sling bullet.
The sling bullet barely misses the scorpion.
You feel very sick. The scorpion stings you. x2
You are more poisoned.
The scorpion poisons you!
You shoot a sling bullet.
The sling bullet barely misses the scorpion.
You die...

#### ... ##
#.####
#..#s#.}#
#..'@'..#
#.#+##.####.#
#.
#.........(.#
#.
#.#+##.####.#
#. #..#.#..#
#. #..'.'..#
###.
#.####.##+#.#
#...
#...........#
#...
#(####.##+#.#
#...


You could see a scorpion.

Vanquished Creatures
  3 adders
  A worm (D:2)
  4 dart slugs
  An orc (D:3)
  7 endoplasms
  2 giant cockroaches (D:1)
  5 goblins
  5 hobgoblins
  2 kobolds
  A quokka (D:3)
  7 ball pythons
  6 bats (D:1)
  4 frilled lizards
  3 rats
51 creatures vanquished.

Notes
Turn   | Place    | Note
-------+----------+-------------------------------------------
     0 | D:1      | qw the Minotaur Hexslinger began the quest for the Orb.
     0 | D:1      | Reached XP level 1. HP: 16/16 MP: 1/1
     0 | D:1      | 0 ||| qw: Version: 0.3-a-46-gb1f654a
     0 | D:1      | 0 ||| qw: Game counter: 3475
     0 | D:1      | 0 ||| qw: Melee chars always use a shield: true
     0 | D:1      | 0 ||| qw: God list: Okawaru
     0 | D:1      | 0 ||| qw: Allow faded altars: false
     0 | D:1      | 0 ||| qw: Do Orc after clearing Dungeon:15 true
     0 | D:1      | 0 ||| qw: Do second Lair branch before Depths: true
     0 | D:1      | 0 ||| qw: Lair rune preference: random
     0 | D:1      | 0 ||| qw: Goals: Normal
     0 | D:1      | 0 ||| PLANNING D:1-11
   128 | D:1      | Reached skill level 3 in Ranged Weapons
   162 | D:1      | Reached XP level 2. HP: 23/23 MP: 2/2
   457 | D:1      | 457 ||| UPGRADING to +0 leather armour.
   467 | D:1      | 467 ||| DROPPING +0 robe.
   468 | D:1      | 468 ||| UPGRADING to +0 cloak.
   473 | D:1      | 473 ||| UPGRADING to +2 pair of gloves.
   478 | D:1      | 478 ||| READING scroll labelled KEILUDGH ZITOL.
   479 | D:1      | 479 ||| READING scroll labelled JODETE TOYWN.
   480 | D:1      | 480 ||| DRINKING 2 fizzy grey potions.
   481 | D:1      | 481 ||| DROPPING scroll of poison.
   482 | D:1      | 482 ||| DROPPING potion of brilliance.
   687 | D:2      | Reached XP level 3. HP: 29/29 MP: 3/3
   762 | D:2      | 762 ||| FLEEEEING.
   763 | D:2      | 763 ||| FLEEEEING.
   787 | D:2      | Reached skill level 4 in Ranged Weapons
   793 | D:2      | Found a hazy altar of Hepliaklqana.
  1270 | D:2      | 1270 ||| UPGRADING to +0 ring mail.
  1280 | D:2      | 1280 ||| DROPPING scarf of shadows.
  1281 | D:2      | 1281 ||| DROPPING +0 leather armour.
  1282 | D:2      | 1282 ||| READING scroll labelled VARIEZ EMUO.
  1350 | D:3      | Reached XP level 4. HP: 36/36 MP: 4/4
  1385 | D:3      | Found Hizxum's Magic Scroll Emporium.
  1404 | D:3      | 1404 ||| BUYING scroll of enchant armour (105 gold).
  1404 | D:3      | Bought a scroll of enchant armour for 105 gold pieces
  1404 | D:3      | 1404 ||| READING scroll of enchant armour.
  1404 | D:3      | 1404 ||| ENCHANTING +0 cloak.
  1499 | D:3      | 1499 ||| READING scroll of enchant armour.
  1499 | D:3      | 1499 ||| ENCHANTING +1 cloak.
  1508 | D:3      | Reached skill level 1 in Armour
  1668 | D:3      | Found the +2 shield of Resistance {rF++ rC++ Will++}
  1772 | D:3      | 1772 ||| READING scroll labelled ROSCHUCK ZUFE.
  1853 | D:4      | Noticed a phantom
  1873 | D:4      | Noticed a scorpion
  1888 | D:4      | HP: 7/36 [scorpion (3)]
  1888 | D:4      | HP: 3/36 [scorpion (4)]
  1889 | D:4      | Succumbed to a scorpion's poison

Levels and vault maps discovered:
D:1:      scummos_arrival_simple_fountains, layout_basic
D:2:      layout_loops_ring, basic_altar, chequers_serial_rivers_room_b
D:3:      layout_rooms, serial_shops, shop, chequers_arboretum, minivault_19
D:4:      minmay_door_path, layout_loops_ring, grunt_ministairs_1

Skill      XL: |  1  2  3  4 |
---------------+-------------+-----
Ranged Weapons | 3 4 |  4.7
Fighting       | 2 |  2.0
Armour         | 1 |  1.0
Dodging        | |  2.1
Spellcasting   | |  1.0
Hexes          | |  2.0

Action                     |  1- 3 |  4- 6 || total
---------------------------+-------+-------++-------
   Fire: Sling             |    96 |    47 ||   143
    Use: Scroll            |     3 |     3 ||     6
         Potion            |     1 |       ||     1
 Armour: Robe              |     6 |       ||     6
         Leather armour    |     1 |       ||     1
         Ring mail         |       |    10 ||    10
  Dodge: Dodged            |    20 |    14 ||    34

Table legend:
 A = Non-vault XP
 B = Vault XP
 C = Vault XP percentage of total XP
 D = Non-vault monster count
 E = Vault monster count
 F = Vault count percentage of total count
                 A         B        C        D         E       F
            +---------+---------+-------+---------+---------+-------
      Total |     126 |       4 |   3.1 |      49 |       2 |   3.9
            +---------+---------+-------+---------+---------+-------
        D:1 |      37 |       0 |   0.0 |      22 |       0 |   0.0
        D:2 |      56 |       0 |   0.0 |      16 |       0 |   0.0
        D:3 |      29 |       0 |   0.0 |       9 |       0 |   0.0
        D:4 |       4 |       4 |  50.0 |       2 |       2 |  50.0
            +---------+---------+-------+---------+---------+-------
